[Event "Titled Tuesday Blitz August 24 2021"]
[White "Arabidze, Meri"]
[Black "Shimanov, Aleksandr"]
[WhiteFideId "13604040"]
[BlackFideId "4198603"]
[WhiteElo "2432"]
[BlackElo "2596"]
[Result "1/2-1/2"]
[Round "05"]
[TimeControl "180+1"]
[Date "2021.08.24"]
[WhiteClock "0:00:10"]
[BlackClock "0:00:06"]

1. Nf3 d5 2. g3 Bg4 3. Bg2 Nd7 4. O-O c6 5. d4 e6 6. c4 Ngf6 7. b3 Be7 8. Bb2 O-O 9. Nc3 a6 10. h3 Bh5 11. g4 Bg6 12. Nh4 b5 13. Nxg6 hxg6 14. Qd3 bxc4 15. bxc4 Nb6 16. cxd5 cxd5 17. e4 dxe4 18. Nxe4 Nfd5 19. Nc5 Nf4 20. Qf3 Nxg2 21. Kxg2 Nd5 22. Bc1 Rc8 23. Be3 Bxc5 24. dxc5 Nxe3+ 25. Qxe3 Qd5+ 26. Kg1 Rxc5 27. Rfd1 Qc6 28. Rac1 Rc4 29. Rxc4 Qxc4 30. a3 Rb8 31. Qd3 Qc6 32. Qd6 Qb7 33. Rd3 Rc8 34. Rd1 Qf3 35. Qd3 Qc6 36. Qd6 Qa4 37. Rd4 Qb3 38. Kh2 Qf3 39. Rf4 Qb7 40. Rb4 Qa7 41. Qb6 Qa8 42. Qb7 Qxb7 43. Rxb7 Rc3 44. Rb8+ Kh7 45. Rb7 f6 46. Rb6 Rxa3 47. Rxe6 g5 48. Kg2 a5 49. Rb6 a4 50. Ra6 Kg6 51. Ra7 Kh6 52. Kh2 Kh7 53. Kg2 Ra2 54. Kg3 Kg6 55. Kg2 Ra1 56. Kh2 Kh7 57. Kg2 Kg8 58. Kh2 a3 59. Kg2 Kf8 60. Kh2 g6 61. Kg2 Ke8 62. Kh2 Kd8 63. Kg2 Kc8 64. Ra6 a2 65. Kf3 f5 66. Kg2 Kb7 67. Ra4 Kc6 68. Ra8 Kd5 69. Ra5+ Kc4 70. Ra8 Kb3 71. Rb8+ Kc3 72. Ra8 Kd3 73. Rd8+ Ke4 74. Ra8 f4 75. Ra4+ Kd3 76. Ra8 Ke2 77. Re8+ Kd3 78. Ra8 Ke4 79. Re8+ Kd5 80. Ra8 Kc6 81. Ra3 Kb5 82. Ra8 Kb4 83. Ra7 Kb3 84. Rb7+ Kc2 85. Ra7 Kd1 86. Ra8 Ke1 87. Re8+ Kd1 88. Ra8 Rc1 89. Rxa2 Rc2 90. Ra6 Ke1 91. Ra1+ Ke2 92. Ra6 Ke1 93. Ra1+ Kd2 94. Ra6 Ke2 95. Re6+ Kd1 96. Rxg6 Rc5 97. Re6 Kd2 98. Re7 Kd3 99. Re8 Kd2 100. Kf3 Rc3+ 101. Kg2 Rc5 102. Re6 Kd3 103. Rd6+ Ke4 104. Re6+ Kd5 105. Re1 Kd4 106. Kf3 Rc3+ 107. Kg2 Rc5 108. Rh1 Ke4 109. h4 gxh4 110. Rxh4 f3+ 111. Kg3 Rc1 112. g5+ Kf5 113. Kxf3 Rc3+ 114. Kg2 Kxg5 115. Ra4 Kf5 116. f3 Kg5 117. Kg3 Kf5 118. Ra5+ Kf6 119. Kg4 Kf7 120. Ra6 Rc5 121. f4 Rb5 122. f5 Rb1 123. Ra7+ Kf6 124. Ra6+ Kf7 125. Ra7+ Kf6 126. Ra6+ Kf7 1/2-1/2


[Site "https://www.chess.com"]

[Event "Titled Tuesday Blitz August 24 2021"]
[White "Balakrishnan, Praveen"]
[Black "Sadhwani, Raunak"]
[WhiteFideId "2064871"]
[BlackFideId "35093487"]
[WhiteElo "2237"]
[BlackElo "2514"]
[Result "1/2-1/2"]
[Round "05"]
[TimeControl "180+1"]
[Date "2021.08.24"]
[WhiteClock "0:00:08"]
[BlackClock "0:00:34"]

1. e4 d6 2. d4 Nf6 3. Nc3 g6 4. f4 Bg7 5. Nf3 O-O 6. e5 dxe5 7. fxe5 Nd5 8. Bc4 Be6 9. Qe2 c5 10. Nxd5 Bxd5 11. Bxd5 Qxd5 12. c4 Qd7 13. d5 e6 14. d6 Nc6 15. Bf4 f6 16. Rd1 fxe5 17. Bxe5 Bxe5 18. Nxe5 Nxe5 19. Qxe5 Rf5 20. Qe4 Raf8 21. Rd2 Rf4 22. Qe2 Qc6 23. Qxe6+ R8f7 24. Kd1 Rf6 25. Qe5 Rf5 26. Qe6 Rf6 27. Qe5 Rf5 28. Qe3 R5f6 29. Re1 Rxd6 30. Qe8+ Kg7 31. Qe5+ Rff6 32. Rxd6 Qxd6+ 33. Qxd6 Rxd6+ 34. Kc2 Kf6 35. Rf1+ Ke7 36. Re1+ Re6 37. Rxe6+ Kxe6 38. Kd3 Ke5 39. Ke3 h6 40. h3 a6 41. a3 b6 42. b3 Kf5 43. Kf3 h5 44. h4 Ke5 45. Ke3 Kf5 46. Kf3 g5 47. g3 gxh4 48. gxh4 Ke5 49. Ke3 Kf5 50. Kf3 a5 51. a4 Ke5 52. Ke3 Kf5 53. Kf3 Ke5 54. Ke3 Kf5 55. Kf3 1/2-1/2


[Site "https://www.chess.com"]

[Event "Titled Tuesday Blitz August 24 2021"]
[White "Batsuren, Dambasuren"]
[Black "Kucuksari, Kaan"]
[WhiteFideId "4902920"]
[BlackFideId "6380166"]
[WhiteElo "2371"]
[BlackElo "2300"]
[Result "1-0"]
[Round "05"]
[TimeControl "180+1"]
[Date "2021.08.24"]
[WhiteClock "0:00:12"]
[BlackClock "0:00:10"]

1. d4 f5 2. g3 Nf6 3. Bg2 g6 4. Nf3 Bg7 5. O-O O-O 6. c4 d6 7. Nc3 Qe8 8. d5 Na6 9. Nd4 Bd7 10. e4 fxe4 11. Nxe4 Nxe4 12. Bxe4 Nc5 13. Bg2 Qf7 14. Be3 a5 15. Qd2 Rab8 16. Qxa5 b6 17. Qd2 b5 18. cxb5 Bxb5 19. Rfc1 Ba6 20. Rc3 Rb4 21. a3 Rc4 22. b4 Nd7 23. Rac1 Ne5 24. b5 Rxc3 25. Rxc3 Bb7 26. Rxc7 Bxd5 27. Bxd5 Qxd5 28. Rxe7 Bf6 29. Rc7 Qxd4 30. Bxd4 Nf3+ 31. Kg2 Nxd2 32. Bxf6 Rxf6 33. b6 d5 34. b7 Rb6 35. Rc8+ Kf7 36. b8=Q Rxb8 37. Rxb8 Nc4 38. a4 d4 39. Rb4 Ne5 40. Rxd4 Nc6 41. Rc4 Ne5 42. Rc7+ 1-0


[Site "https://www.chess.com"]

[Event "Titled Tuesday Blitz August 24 2021"]
[White "Begunov, Konstantin"]
[Black "Korchmar, Vasiliy"]
[WhiteFideId "4118510"]
[BlackFideId "24131750"]
[WhiteElo "2262"]
[BlackElo "2370"]
[Result "0-1"]
[Round "05"]
[TimeControl "180+1"]
[Date "2021.08.24"]
[WhiteClock "0:00:06"]
[BlackClock "0:00:29"]

1. d4 Nf6 2. c4 g6 3. f3 Nc6 4. e4 e5 5. Ne2 exd4 6. Nxd4 Bc5 7. Nb3 Nxe4 8. fxe4 Qh4+ 9. Kd2 Qf4+ 10. Kc3 Qe5+ 11. Kd2 Qf4+ 12. Kc3 Qe5+ 13. Kd2 Bb4+ 14. Nc3 O-O 15. Bd3 a5 16. a3 Be7 17. a4 d6 18. Nd5 Bd8 19. Kc2 Be6 20. Bf4 Qg7 21. Qf3 Bxd5 22. exd5 Nb4+ 23. Kb1 Bf6 0-1


[Site "https://www.chess.com"]

[Event "Titled Tuesday Blitz August 24 2021"]
[White "Biletskiy, Danylo"]
[Black "Colas, Joshua"]
[WhiteFideId "14155419"]
[BlackFideId "2044447"]
[WhiteElo "2099"]
[BlackElo "2347"]
[Result "1-0"]
[Round "05"]
[TimeControl "180+1"]
[Date "2021.08.24"]
[WhiteClock "0:00:54"]
[BlackClock "0:00:46"]

1. e4 e6 2. d3 d5 3. Nd2 c5 4. Ngf3 Nc6 5. g3 g6 6. Bg2 Bg7 7. O-O Nge7 8. Re1 O-O 9. e5 b5 10. Nf1 Bb7 11. h4 Qc7 12. Bf4 Nd4 13. N1h2 Nxf3+ 14. Bxf3 d4 15. Ng4 Bxf3 16. Qxf3 Qc6 17. Re4 h5 18. Nf6+ Bxf6 19. exf6 Nf5 20. g4 hxg4 21. Qxg4 Kh7 22. Re5 Rh8 23. Bg5 Kg8 24. a4 b4 25. b3 Rh5 26. Rae1 Rd8 27. Kh2 Kh7 28. Kh3 Rd5 29. Qe4 Nxh4 30. Rxd5 Nf3+ 31. Kg4 Nxg5 32. Rxg5 1-0


[Site "https://www.chess.com"]

[Event "Titled Tuesday Blitz August 24 2021"]
[White "Bobkov, Vadim"]
[Black "Drozdowski, Kacper"]
[WhiteFideId "34110876"]
[BlackFideId "1136720"]
[WhiteElo "2117"]
[BlackElo "2507"]
[Result "0-1"]
[Round "05"]
[TimeControl "180+1"]
[Date "2021.08.24"]
[WhiteClock "0:00:02"]
[BlackClock "0:00:46"]

1. d4 Nf6 2. c4 g6 3. Nc3 d5 4. Bf4 Bg7 5. e3 O-O 6. cxd5 Nxd5 7. Nxd5 Qxd5 8. Bxc7 Nc6 9. Ne2 Bf5 10. Nc3 Qd7 11. Bg3 Rac8 12. Be2 e5 13. d5 Nb4 14. O-O e4 15. Qb3 Nd3 16. Bxd3 exd3 17. e4 Bxc3 18. exf5 Bg7 19. fxg6 hxg6 20. Qxd3 Bxb2 21. Rab1 Bf6 22. h4 Rc3 23. Qd2 Rfc8 24. h5 gxh5 25. Qh6 Bg7 26. Qxh5 R8c5 27. Rbd1 Rc2 28. Rfe1 Rxa2 29. Re4 Ra6 30. Rg4 Rg6 31. Rxg6 fxg6 32. Qxg6 Rxd5 33. Re1 Rd1 34. Rxd1 Qxd1+ 35. Kh2 Qd5 36. Qe8+ Kh7 37. f3 a5 38. Bf4 b5 39. Qb8 a4 40. Kg3 a3 41. Qa7 b4 42. Kg4 a2 43. Be3 a1=Q 0-1


[Site "https://www.chess.com"]

[Event "Titled Tuesday Blitz August 24 2021"]
[White "Bortnyk, Olexandr"]
[Black "Kekelidze, Mikheil"]
[WhiteFideId "14120828"]
[BlackFideId "13600818"]
[WhiteElo "2723"]
[BlackElo "2387"]
[Result "1-0"]
[Round "05"]
[TimeControl "180+1"]
[Date "2021.08.24"]
[WhiteClock "0:00:19"]
[BlackClock "0:00:06"]

1. d4 Nf6 2. Nc3 d5 3. Bf4 a6 4. e3 e6 5. Nf3 Bd6 6. Ne5 c5 7. Bd3 Nc6 8. Nxc6 bxc6 9. dxc5 Bxf4 10. exf4 Qa5 11. O-O Rb8 12. Qe2 Rxb2 13. Qe5 Rb7 14. Rab1 O-O 15. Rxb7 Bxb7 16. Rb1 Bc8 17. Qd4 Nd7 18. Na4 f6 19. Qb4 Qxb4 20. Rxb4 g6 21. f3 e5 22. g3 exf4 23. gxf4 Re8 24. Kf2 Kf8 25. Rd4 Ke7 26. c4 Bb7 27. Bc2 Rb8 28. Bb3 Ba8 29. cxd5 cxd5 30. Bxd5 Bxd5 31. Rxd5 Rb4 32. c6 Rxa4 33. Rxd7+ Ke6 34. Rxh7 Rxa2+ 35. Ke3 Rc2 36. c7 a5 37. Kd3 Rc6 38. Rg7 Kf5 39. Kd4 a4 40. Kd5 Rc1 41. Kd6 a3 42. Rg8 a2 43. Ra8 Rd1+ 44. Ke7 Re1+ 45. Kf7 Rc1 46. Ra5+ Kxf4 47. Kxg6 Rxc7 48. Rxa2 Kxf3 49. h4 Kg4 50. Ra4+ Kh3 51. h5 f5 52. h6 Rc6+ 53. Kg5 Rc7 54. Rf4 Rc8 55. h7 Rf8 56. Rxf5 Ra8 57. Kh6 Kh4 58. Kg7 Rb8 59. h8=Q+ Rxh8 60. Kxh8 1-0


[Site "https://www.chess.com"]

[Event "Titled Tuesday Blitz August 24 2021"]
[White "Boskovic, Drasko"]
[Black "Murzin, Volodar"]
[WhiteFideId "927368"]
[BlackFideId "44155573"]
[WhiteElo "2388"]
[BlackElo "2541"]
[Result "0-1"]
[Round "05"]
[TimeControl "180+1"]
[Date "2021.08.24"]
[WhiteClock "0:00:17"]
[BlackClock "0:00:07"]

1. e4 c6 2. d4 d5 3. Nd2 dxe4 4. Nxe4 Bf5 5. Ng3 Bg6 6. h4 h6 7. Nf3 e6 8. Ne5 Bh7 9. Bd3 Bxd3 10. Qxd3 Nf6 11. Bd2 Bd6 12. Qe2 Nbd7 13. O-O-O O-O 14. f4 Qc7 15. Ne4 Nxe4 16. Qxe4 Nf6 17. Qf3 h5 18. f5 exf5 19. Qxf5 Qc8 20. Qf3 Bxe5 21. dxe5 Ng4 22. Bc3 Qe6 23. Rde1 Rad8 24. Kb1 Rd5 25. Qf4 Qg6 26. Rhf1 Re8 27. a3 Nh6 28. Rf3 Qg4 29. Qe3 b6 30. Rg3 Nf5 31. Rxg4 Nxe3 32. Rg5 Nd1 33. Rxh5 Nxc3+ 34. bxc3 f6 35. c4 Rc5 36. Kb2 Rxc4 37. e6 Rd4 38. g3 Rd6 39. e7 Rd7 40. Rf5 Rdxe7 41. Rd1 Kf7 42. g4 Re5 43. Rf4 Re4 44. Rdf1 Rxf4 45. Rxf4 Kg6 46. Rc4 Re6 47. a4 Rd6 48. a5 c5 49. a6 Rd4 50. Rc3 Rxg4 51. Re3 Ra4 52. Re7 Rxa6 53. h5+ Kh6 54. Rc7 Ra5 55. c4 Ra4 56. Kb3 Rb4+ 57. Kc3 a5 58. Ra7 a4 59. Ra8 Kxh5 60. Rh8+ Kg6 61. Rg8 Rb3+ 62. Kc2 Rg3 63. Rf8 a3 0-1


[Site "https://www.chess.com"]

[Event "Titled Tuesday Blitz August 24 2021"]
[White "Brunner, Nicolas"]
[Black "Kovalchuk94"]
[WhiteFideId "620246"]
[WhiteElo "2372"]
[BlackElo "2589"]
[Result "0-1"]
[Round "05"]
[TimeControl "180+1"]
[Date "2021.08.24"]
[WhiteClock "0:00:03"]
[BlackClock "0:00:03"]

1. d4 Nf6 2. c4 e6 3. g3 d5 4. Nf3 Be7 5. Bg2 O-O 6. O-O dxc4 7. Qc2 a6 8. Qxc4 b5 9. Qc2 Bb7 10. Bd2 Be4 11. Qc1 Bb7 12. Qc2 Be4 13. Qc1 c6 14. Rd1 Nbd7 15. Nc3 Rc8 16. Nxe4 Nxe4 17. Be3 c5 18. d5 exd5 19. Rxd5 Qc7 20. Qc2 Ndf6 21. Bf4 Qa7 22. Re5 Nd6 23. Rd1 Nc4 24. Rg5 h6 25. Rf5 Rfd8 26. b3 Rxd1+ 27. Qxd1 Rd8 28. Qc1 Nb6 29. Bxh6 Bf8 30. Bg5 Rd6 31. Rxc5 Qd7 32. Rc7 Rd1+ 33. Bf1 Rxc1 34. Rxd7 Rxf1+ 35. Kxf1 Nfxd7 36. e4 f6 37. Be3 Bc5 38. Bd2 Kf7 39. Ke2 Ke6 40. Nh4 Ne5 41. f4 Nc6 42. Kd3 Nb4+ 43. Bxb4 Bxb4 44. Nf5 g6 45. Nd4+ Kd7 46. h4 Bc5 47. Nf3 Nc8 48. e5 Ke6 49. exf6 Kxf6 50. Ne5 Kf5 51. Nd7 Bd6 52. Ke3 Ne7 0-1


[Site "https://www.chess.com"]

[Event "Titled Tuesday Blitz August 24 2021"]
[White "Castellanos Rodriguez, Renier"]
[Black "Pajeken, Jakob Leon"]
[WhiteFideId "3404650"]
[BlackFideId "12942839"]
[WhiteElo "2612"]
[BlackElo "2231"]
[Result "1-0"]
[Round "05"]
[TimeControl "180+1"]
[Date "2021.08.24"]
[WhiteClock "0:01:01"]
[BlackClock "0:01:05"]

1. e4 d6 2. d4 g6 3. Be3 Bg7 4. Qd2 c5 5. c3 cxd4 6. cxd4 Nf6 7. f3 Nc6 8. d5 Ne5 9. Nc3 h5 10. Be2 Bd7 11. h4 Rc8 12. b3 Qa5 13. Rc1 O-O 14. Nh3 Bxh3 15. gxh3 Nfd7 16. Nd1 Qa3 17. Rxc8 Rxc8 18. f4 Nf6 19. Nf2 Rc1+ 20. Qxc1 1-0


[Site "https://www.chess.com"]

[Event "Titled Tuesday Blitz August 24 2021"]
[White "Costachi, Mihnea"]
[Black "Perez Gormaz, Matias"]
[WhiteFideId "1217518"]
[BlackFideId "3406342"]
[WhiteElo "2482"]
[BlackElo "2352"]
[Result "1-0"]
[Round "05"]
[TimeControl "180+1"]
[Date "2021.08.24"]
[WhiteClock "0:00:48"]
[BlackClock "0:00:04"]

1. d4 d5 2. c4 e6 3. Nc3 Be7 4. Nf3 Nf6 5. Bg5 h6 6. Bh4 O-O 7. e3 b6 8. cxd5 Nxd5 9. Bxe7 Qxe7 10. Bd3 Nxc3 11. bxc3 Bb7 12. O-O c5 13. e4 Nd7 14. a4 cxd4 15. cxd4 Nf6 16. Qe2 Rfc8 17. a5 Rc3 18. Rfb1 Qc7 19. a6 Bc6 20. h3 Rc8 21. Ne5 Ba8 22. Rd1 b5 23. Rab1 Qd6 24. Nf3 Qxa6 25. Rxb5 Qa3 26. Ne5 Rc1 27. Kh2 Rxd1 28. Qxd1 Qc3 29. Bb1 Rd8 30. f3 Rxd4 31. Rb8+ Kh7 32. Qf1 Qc7 33. Rb5 Nd7 34. f4 Nxe5 35. Rxe5 Qd6 36. Rd5 exd5 37. e5+ Qg6 38. Bxg6+ Kxg6 39. f5+ Kh7 40. e6 fxe6 41. fxe6 Re4 42. Qf5+ Kg8 43. Qf7+ Kh7 44. Qd7 d4 45. e7 Re2 46. Kg1 Rxg2+ 47. Kf1 Rg6 48. e8=Q Bg2+ 49. Kf2 Bxh3 50. Qxh3 Rf6+ 51. Ke2 d3+ 52. Qxd3+ g6 53. Qdd7+ 1-0


[Site "https://www.chess.com"]

[Event "Titled Tuesday Blitz August 24 2021"]
[White "Czopor, Maciej"]
[Black "Obolentseva, Alexandra"]
[WhiteFideId "21805431"]
[BlackFideId "24153648"]
[WhiteElo "1999"]
[BlackElo "2113"]
[Result "1-0"]
[Round "05"]
[TimeControl "180+1"]
[Date "2021.08.24"]
[WhiteClock "0:00:20"]
[BlackClock "0:00:15"]

1. e4 c5 2. Nf3 d6 3. d4 cxd4 4. Nxd4 Nf6 5. Nc3 a6 6. Be3 e6 7. Be2 Nbd7 8. g4 h6 9. h4 b5 10. a3 Bb7 11. f3 Nb6 12. Qd2 Rc8 13. O-O-O Nfd7 14. g5 hxg5 15. hxg5 Rxh1 16. Rxh1 g6 17. f4 Nc5 18. f5 Nxe4 19. Nxe4 Bxe4 20. Rh8 exf5 21. Bf4 Qc7 22. Rxf8+ Kxf8 23. Ne6+ fxe6 24. Bxd6+ Kf7 25. Bxc7 Rxc7 26. c3 Nd5 27. Qd4 Re7 28. Qe5 Re8 29. a4 bxa4 30. Bxa6 Ra8 31. Bb7 Ra7 32. Bc8 Re7 33. c4 Rc7 34. Bxe6+ Kf8 35. Bxd5 Bxd5 36. Qxc7 1-0


[Site "https://www.chess.com"]

[Event "Titled Tuesday Blitz August 24 2021"]
[White "Dang, Hoang Son"]
[Black "MATHEUSMDR2005"]
[WhiteFideId "12402435"]
[WhiteElo "2248"]
[BlackElo "2455"]
[Result "0-1"]
[Round "05"]
[TimeControl "180+1"]
[Date "2021.08.24"]
[WhiteClock "0:00:29"]
[BlackClock "0:00:10"]

1. d4 e6 2. c4 d5 3. Nf3 Nf6 4. g3 Be7 5. Bg2 O-O 6. O-O dxc4 7. Qc2 a6 8. Qxc4 b5 9. Qc2 Bb7 10. Bd2 Be4 11. Qc1 c6 12. Rd1 Nbd7 13. a4 Rc8 14. Nc3 Bg6 15. Ne5 c5 16. Nc6 Qe8 17. dxc5 Nxc5 18. Nxe7+ Qxe7 19. Bg5 Nb3 20. Qe3 Nxa1 21. Rxa1 h6 22. Nd5 Nxd5 23. Bxe7 Nxe3 24. Bxf8 Nxg2 25. Bd6 Rc2 26. axb5 axb5 27. Kxg2 Rxe2 28. b4 Be4+ 29. Kf1 Rd2 30. Bc5 Bf3 31. Ke1 Re2+ 32. Kf1 Rc2 33. h3 g5 34. g4 Kh7 35. Kg1 f5 36. gxf5 exf5 37. Ra3 Be4 38. Ra7+ Kg6 39. Ra6+ Kh5 40. Bf8 Rc1+ 41. Kh2 Rh1+ 42. Kg3 f4# 0-1


[Site "https://www.chess.com"]

[Event "Titled Tuesday Blitz August 24 2021"]
[White "Delorme, Alban"]
[Black "Pavlov, Danila"]
[WhiteFideId "623636"]
[BlackFideId "34126594"]
[WhiteElo "2197"]
[BlackElo "2323"]
[Result "1/2-1/2"]
[Round "05"]
[TimeControl "180+1"]
[Date "2021.08.24"]
[WhiteClock "0:00:09"]
[BlackClock "0:00:04"]

1. d4 Nf6 2. Nc3 e6 3. e4 d5 4. Bg5 Be7 5. e5 Nfd7 6. h4 Bxg5 7. hxg5 Qxg5 8. Qd3 g6 9. Nh3 Qe7 10. O-O-O a6 11. f4 c5 12. dxc5 Nc6 13. Ng5 Nxc5 14. Qg3 h5 15. Bd3 Bd7 16. Qf2 O-O-O 17. Kb1 Kb8 18. Ne2 Rc8 19. Nd4 Na4 20. Nb3 Rhd8 21. g4 hxg4 22. Rh7 Nxe5 23. fxe5 Qxg5 24. Qd4 Rf8 25. Rg1 g3 26. Rh3 g2 27. Rh2 Rh8 28. Rhxg2 Qe7 29. Rf2 Rh7 30. Rgf1 Be8 31. Rf6 Nc5 32. Qb4 Qc7 33. Nxc5 Qxc5 34. Qb3 Ka7 35. a3 Rh5 36. R6f4 Rxe5 37. Rb4 Rc7 38. Rh1 Rh5 39. Rf1 f5 40. Be2 Rh2 41. Bd1 e5 42. Qg3 Rhh7 43. Qxe5 Rhe7 44. Qg3 Re4 45. Rb3 Rc4 46. c3 Re7 47. Bf3 Bf7 48. Qg2 Rf4 49. Rd1 g5 50. Rb4 Rxb4 51. axb4 Qe3 52. Bxd5 Bxd5 53. Qxd5 Qe4+ 54. Qxe4 Rxe4 55. Rg1 g4 56. Kc2 Re3 57. Kd2 Rf3 58. Ke2 Kb6 59. Rd1 Kb5 60. Rd7 b6 61. Rc7 a5 62. bxa5 bxa5 63. c4+ Kb4 64. Rc8 Rb3 65. c5 Rxb2+ 66. Ke3 Rb3+ 67. Kf4 Rf3+ 68. Ke5 g3 69. c6 g2 70. c7 g1=Q 71. Rb8+ Ka4 72. c8=Q Qe3+ 73. Kf6 Qh6+ 74. Kf7 Qh7+ 75. Kf6 Qh6+ 76. Kf7 Qh5+ 77. Kf6 Qh4+ 78. Kf7 Qh7+ 79. Kf6 Qh6+ 1/2-1/2


[Site "https://www.chess.com"]

[Event "Titled Tuesday Blitz August 24 2021"]
[White "Denishev, Marat"]
[Black "Rakhmanov, Aleksandr"]
[WhiteFideId "24131563"]
[BlackFideId "4173708"]
[WhiteElo "2132"]
[BlackElo "2498"]
[Result "0-1"]
[Round "05"]
[TimeControl "180+1"]
[Date "2021.08.24"]
[WhiteClock "0:00:04"]
[BlackClock "0:00:15"]

1. b3 e5 2. Bb2 Nc6 3. e4 Nf6 4. Nc3 Bc5 5. h3 d6 6. Bc4 a6 7. Nf3 Nd4 8. Nxd4 Bxd4 9. Qf3 c6 10. O-O-O b5 11. Bd3 a5 12. Ne2 Bxb2+ 13. Kxb2 a4 14. Ra1 a3+ 15. Kb1 O-O 16. g4 d5 17. Ng3 dxe4 18. Nxe4 Nd5 19. Nc3 Nf4 20. Qxc6 Nxd3 21. Qxa8 Nxf2 22. Rc1 Qxd2 23. Nxb5 Bd7 24. Qxa3 Bxb5 25. Qc5 Ne4 26. Qxe5 Bc6 27. a4 Re8 28. Qc7 Qc3 29. a5 Ra8 30. a6 Nd2+ 0-1


[Site "https://www.chess.com"]

[Event "Titled Tuesday Blitz August 24 2021"]
[White "Djordjevic, Vuk"]
[Black "Seliverstov, Vladimir"]
[WhiteFideId "902098"]
[BlackFideId "4192036"]
[WhiteElo "2463"]
[BlackElo "2489"]
[Result "0-1"]
[Round "05"]
[TimeControl "180+1"]
[Date "2021.08.24"]
[WhiteClock "0:00:01"]
[BlackClock "0:00:08"]

1. d4 d5 2. Bf4 Nf6 3. e3 c5 4. c3 Qb6 5. Qb3 c4 6. Qc2 Nc6 7. Nd2 Bg4 8. e4 e6 9. Ne2 Bh5 10. Bg5 Nxe4 11. Nxe4 dxe4 12. Ng3 Bg6 13. Nxe4 Rc8 14. f3 Be7 15. Bxe7 Nxe7 16. Qa4+ Kf8 17. Bxc4 Qxb2 18. O-O Qb6 19. Rab1 Qc7 20. Bb3 h6 21. Rbc1 Kg8 22. Nc5 b6 23. Nxe6 fxe6 24. Bxe6+ Kh7 25. Bxc8 Rxc8 26. Rfe1 Nd5 27. Kh1 Qf4 28. Qxa7 Qd2 29. h3 Rxc3 30. Rcd1 Qf2 31. Rf1 Qg3 32. Qd7 Ne3 33. Rg1 Rc2 34. Rde1 Rxg2 35. Qd6 Qxh3+ 0-1


[Site "https://www.chess.com"]

[Event "Titled Tuesday Blitz August 24 2021"]
[White "Wagner, Dinara"]
[Black "Petrovskyi, Vadym"]
[WhiteFideId "24157570"]
[BlackFideId "14165210"]
[WhiteElo "2260"]
[BlackElo "2334"]
[Result "0-1"]
[Round "05"]
[TimeControl "180+1"]
[Date "2021.08.24"]
[WhiteClock "0:00:01"]
[BlackClock "0:00:03"]

1. d4 Nf6 2. c4 g6 3. Nf3 Bg7 4. g3 O-O 5. Bg2 d6 6. Nc3 Nbd7 7. O-O e5 8. h3 c6 9. e4 exd4 10. Nxd4 Qb6 11. Nc2 Nc5 12. b3 Ng4 13. Bd2 Ne5 14. Be3 Qc7 15. Nd4 a5 16. Qc2 Bd7 17. Rad1 Be6 18. f4 Ned7 19. Rfe1 Nb6 20. Ndb5 cxb5 21. Nxb5 Qe7 22. Nxd6 Rfc8 23. Nxc8 Rxc8 24. e5 a4 25. Rd6 axb3 26. axb3 Nbd7 27. Kh2 b6 28. Red1 Na6 29. Qf2 Nac5 30. Bd5 Nf8 31. b4 Bxd5 32. R6xd5 Ne4 33. Qg2 Nc3 34. Bxb6 Nxd1 35. Rxd1 Rxc4 36. Bc5 Qe8 37. Qe2 Rc3 38. Ra1 Ne6 39. Qg2 Rd3 40. Ra8 Rd8 41. Ra7 Nxc5 42. bxc5 Bf8 43. c6 Bb4 44. Ra2 Rc8 45. Rc2 Ba5 46. h4 h5 47. Qd5 Qd8 48. Qb5 Bb6 49. Qe2 Rc7 50. Qf3 Qd4 51. Kh3 Qg1 52. Rc3 Kh7 53. Rc2 Qd4 54. Rc3 Qa4 55. Rc2 Qa8 56. Rd2 Qc8+ 57. Kg2 Rxc6 58. Qd5 Rc7 59. Re2 Qe8 60. Qb3 Bc5 61. Qd5 Bb6 62. Ra2 Rd7 63. Qb3 Bc5 64. Rc2 Be7 65. Re2 Bf8 66. e6 Re7 67. Qc4 Rxe6 68. Rc2 Bg7 69. Qa4 Qxa4 0-1


[Site "https://www.chess.com"]

[Event "Titled Tuesday Blitz August 24 2021"]
[White "Espinosa Veloz, Ermes"]
[Black "Aradhya, Garg"]
[WhiteFideId "3507424"]
[BlackFideId "25006746"]
[WhiteElo "2333"]
[BlackElo "2146"]
[Result "1-0"]
[Round "05"]
[TimeControl "180+1"]
[Date "2021.08.24"]
[WhiteClock "0:01:15"]
[BlackClock "0:00:11"]

1. e4 e5 2. Nf3 Nc6 3. Bc4 Nf6 4. Ng5 d5 5. exd5 Na5 6. Bb5+ Bd7 7. Qe2 Bd6 8. O-O O-O 9. Bxd7 Qxd7 10. Nc3 c6 11. Qd3 Be7 12. b4 Bxb4 13. Nce4 Nxd5 14. Nc5 e4 15. Qxe4 f5 16. Qh4 h6 17. Nxd7 hxg5 18. Qxg5 Rf7 19. Ne5 Be7 20. Qh5 Rf6 21. Ng6 Kf7 22. Ne5+ Ke6 23. Re1 Kd6 24. Ba3+ c5 25. Rab1 Kc7 26. d4 cxd4 27. Bxe7 Nxe7 28. Nc4 Nac6 29. Qg5 Raf8 30. Qf4+ Kc8 31. Nd6+ 1-0


[Site "https://www.chess.com"]

[Event "Titled Tuesday Blitz August 24 2021"]
[White "FGHSMN"]
[Black "Grunberg, Mihai-Lucian"]
[BlackFideId "1204149"]
[WhiteElo "2703"]
[BlackElo "2364"]
[Result "1-0"]
[Round "05"]
[TimeControl "180+1"]
[Date "2021.08.24"]
[WhiteClock "0:01:38"]
[BlackClock "0:01:14"]

1. e4 Nf6 2. e5 Nd5 3. d4 d6 4. Nf3 dxe5 5. Nxe5 c6 6. Bc4 Nd7 7. Nf3 N7b6 8. Be2 Bg4 9. O-O e6 10. h3 Bh5 11. Ne5 Bxe2 12. Qxe2 Be7 13. c4 Nf6 14. Rd1 O-O 15. Nc3 Nbd7 16. Bf4 Qc8 17. Rd3 Rd8 18. g4 c5 19. g5 Ne8 20. Re1 cxd4 21. Nxf7 e5 22. Nxd8 dxc3 23. Bxe5 Qxd8 24. Bxc3 Bd6 25. Qe6+ Kh8 26. Qxe8+ 1-0


[Site "https://www.chess.com"]

[Event "Titled Tuesday Blitz August 24 2021"]
[White "Fedoseev, Vladimir"]
[Black "Kuzubov, Yuriy"]
[WhiteFideId "24130737"]
[BlackFideId "14112906"]
[WhiteElo "2756"]
[BlackElo "2564"]
[Result "1-0"]
[Round "05"]
[TimeControl "180+1"]
[Date "2021.08.24"]
[WhiteClock "0:00:22"]
[BlackClock "0:00:01"]

1. b3 e6 2. Bb2 d5 3. e3 Nf6 4. Nf3 Be7 5. c4 O-O 6. Be2 b6 7. Nc3 Bb7 8. O-O Nbd7 9. d4 Rc8 10. Ne5 dxc4 11. Nxc4 c5 12. Nb5 a6 13. Nbd6 Rb8 14. Nxb7 Rxb7 15. Rc1 Rb8 16. dxc5 Bxc5 17. a3 a5 18. Bf3 Qe7 19. Qe2 Rfd8 20. Rfd1 Rbc8 21. h4 h6 22. g3 Nf8 23. Rxd8 Rxd8 24. Ne5 Qd6 25. Nc6 Rd7 26. Be5 Qd2 27. Qxd2 Rxd2 28. b4 axb4 29. axb4 Bd6 30. Bd4 e5 31. Bxe5 Bxe5 32. Nxe5 Rb2 33. Rc7 Rxb4 34. Nxf7 Ne6 35. Re7 Nc5 36. Ne5 Nce4 37. Ng6 Nd2 38. Bc6 1-0


[Site "https://www.chess.com"]

[Event "Titled Tuesday Blitz August 24 2021"]
[White "Firat, Burak"]
[Black "Palchuk, Andrii"]
[WhiteFideId "6305881"]
[BlackFideId "14176688"]
[WhiteElo "2531"]
[BlackElo "2320"]
[Result "0-1"]
[Round "05"]
[TimeControl "180+1"]
[Date "2021.08.24"]
[WhiteClock "0:00:04"]
[BlackClock "0:00:06"]

1. d4 Nf6 2. Bg5 Ne4 3. Bf4 d5 4. Nd2 Nxd2 5. Qxd2 g6 6. h4 Bg7 7. h5 c5 8. hxg6 hxg6 9. Rxh8+ Bxh8 10. Be5 Bxe5 11. dxe5 Nc6 12. Nf3 Bg4 13. O-O-O e6 14. e4 d4 15. Bb5 Qb6 16. Bxc6+ Qxc6 17. Qf4 Bxf3 18. gxf3 Qd7 19. Qf6 Qe7 20. Rh1 Qxf6 21. exf6 O-O-O 22. Rh7 Rf8 23. e5 Kc7 24. c4 Kc6 25. a4 b6 26. Kd2 a6 27. Kd3 b5 28. a5 bxc4+ 29. Kxc4 Rb8 30. Rxf7 Rb4+ 31. Kd3 Kd5 32. f4 Rb3+ 33. Kc2 Rf3 34. Rd7+ Ke4 35. Rd6 Rxf2+ 36. Kb3 Rxf4 37. Rxe6 Kd5 38. Re8 c4+ 39. Kb4 d3 40. Re7 Ke4 41. Kxc4 Ke3+ 42. Kc3 Ke2 43. Rd7 Rf3 44. e6 Rxf6 45. e7 Rc6+ 46. Kb3 Re6 47. Kc3 Rc6+ 48. Kb3 Re6 49. Kc4 d2 50. e8=Q Rxe8 51. Kc5 d1=Q 52. Rxd1 Kxd1 53. Kb6 Re6+ 54. Kc5 g5 0-1


[Site "https://www.chess.com"]

[Event "Titled Tuesday Blitz August 24 2021"]
[White "Florescu, Codrut-Constantin"]
[Black "Gracia Alvarez, Gerardo Antonio"]
[WhiteFideId "1202200"]
[BlackFideId "5109124"]
[WhiteElo "2243"]
[BlackElo "2148"]
[Result "0-1"]
[Round "05"]
[TimeControl "180+1"]
[Date "2021.08.24"]
[WhiteClock "0:00:13"]
[BlackClock "0:01:44"]

1. d4 Nf6 2. c3 g6 3. Nf3 Bg7 4. g3 O-O 5. Bg2 c5 6. O-O cxd4 7. e3 dxc3 8. Qe2 Nc6 9. h3 d5 10. Nxc3 Ne4 11. Nxe4 dxe4 12. Nd2 Qd3 13. Qe1 f5 14. f3 exf3 15. Nxf3 Be6 16. Rf2 Rfd8 17. Bf1 Qd1 18. Ng5 Qxe1 0-1


[Site "https://www.chess.com"]